 Dungeon Crawl Stone Soup version 0.25-a0-479-g8579842fd4 (webtiles) character file.

Game seed: 5486461249760892630, levelgen mode: deterministic

53 Eurus the Conjurer (level 3, 0/27 HPs)
             Began as a Mummy Conjurer on Feb 9, 2020.
             Slain by an adder (2 damage)
             ... on level 2 of the Dungeon.
             The game lasted 00:03:01 (1236 turns).

Eurus the Conjurer (Mummy Conjurer)                 Turns: 1236, Time: 00:03:01

Health: 0/27       AC:  2    Str: 11    XL:     3   Next: 64%
Magic:  1/8        EV: 12    Int: 15    God:
Gold:   67         SH:  0    Dex: 12    Spells: 6/9 levels left

rFire    x . .     SeeInvis .   c - +0 dagger
rCold    + . .     Gourm    .   (no shield)
rNeg     + + +     Faith    .   a - +0 robe
rPois    ∞         Spirit   .   (no helmet)
rElec    .         Reflect  .   (no cloak)
rCorr    .         Harm     .   (no gloves)
MR       .....                  (no boots)
Stlth    ++........             (no amulet)
HPRegen  0.09/turn              (no ring)
MPRegen  0.11/turn              (no ring)

@: no status effects
A: no food or potions, fire vulnerability, cold resistance 1, negative energy
resistance 3, torment resistance, unbreathing
a: no special abilities


You were on level 2 of the Dungeon.
You were not hungry.

You visited 1 branch of the dungeon, and saw 2 of its levels.

You collected 67 gold pieces.

Inventory:

Hand Weapons
 c - a +0 dagger (weapon)
Armour
 a - a +0 robe (worn)
Scrolls
 b - a scroll of magic mapping {unknown}
 d - 3 scrolls of remove curse {unknown}


   Skills:
 + Level 1.7 Fighting
   Level 0.0 Maces & Flails
 - Level 1.5 Dodging
 - Level 1.5 Stealth
 + Level 3.6 Spellcasting
 + Level 3.7 Conjurations


You had 6 spell levels left.
You knew the following spells:

 Your Spells              Type           Power        Failure   Level  Hunger
a - Magic Dart            Conj           ##..         4%          1    N/A
b - Searing Ray           Conj           ##....       6%          2    N/A

Your spell library contained the following spells:

 Spells                   Type           Power        Failure   Level  Hunger
 Dazzling Flash           Conj/Hex       #.....       26%         3    N/A
 Fulminant Prism          Conj/Hex       #.........   65%         4    N/A
 Iskenderun's Mystic Bla  Conj/Tloc      #.......     65%         4    N/A

Dungeon Overview and Level Annotations

Branches:
Dungeon (2/15)

Altars:
Uskayaw


Innate Abilities, Weirdness & Mutations

You do not eat or drink.
Your flesh is vulnerable to fire.
You are immune to poison.
Your flesh is cold resistant. (rC+)
You are immune to negative energy. (rN+++)
You are immune to unholy pain and torment.
You can survive without breathing.


Message History

The adder bites you.
* * * LOW HITPOINT WARNING * * *
You barely miss the adder.
The adder is moderately wounded.
The adder bites you.
* * * LOW HITPOINT WARNING * * *
You barely miss the adder.
The adder is moderately wounded.
The adder closely misses you.
You hit the adder.
The adder is heavily wounded.
The adder closely misses you. The adder completely misses you.
You closely miss the adder.
The adder is heavily wounded.
The adder bites you.
* * * LOW HITPOINT WARNING * * *
You hit the adder.
The adder is severely wounded.
The adder bites you.
You die...

##### #.(.##################
#....@S.)..........)..
#...################..
####.......#### ##..
###......###)...########...
#........# ####..........#.
#.#!.....#########.....)...
#######.).........÷<........
##_## #.........#...........
#8...8
#...##.....[.......[..


You could see an adder.

Vanquished Creatures
  Jessica (D:2)
  A leopard gecko (D:1)
  4 bats
  A giant cockroach (D:1)
  4 goblins (D:1)
  4 hobgoblins
  3 frilled lizards
  5 kobolds
  5 rats
28 creatures vanquished.

Notes
Turn   | Place    | Note
-------+----------+-------------------------------------------
     0 | D:1      | Eurus the Mummy Conjurer began the quest for the Orb.
     0 | D:1      | Reached XP level 1. HP: 13/13 MP: 4/4
   281 | D:1      | Reached XP level 2. HP: 20/20 MP: 4/6
   405 | D:1      | Reached skill level 1 in Fighting
   985 | D:2      | Found a hide-covered altar of Uskayaw.
  1033 | D:2      | Noticed Jessica
  1043 | D:2      | Killed Jessica
  1043 | D:2      | Reached XP level 3. HP: 27/27 MP: 1/8
  1047 | D:2      | Learned a level 2 spell: Searing Ray
  1235 | D:2      | HP: 1/27 [adder (1)]
  1236 | D:2      | Slain by an adder

Levels and vault maps discovered:
D:1:      dpeg_arrival_round_c, layout_basic, minmay_bisected
D:2:      layout_rooms, nicolae_overflow_hidden_temple, first_ration,
          uniq_jessica

Skill      XL: |  1  2 |
---------------+-------+-----
Spellcasting   | 3 |  3.6
Fighting       | 1 |  1.7
Dodging        | |  1.5
Stealth        | |  1.5
Conjurations   | |  3.7

Action                   || total
-------------------------++-------
Melee: Unarmed           ||     2
       Dagger            ||    23
 Cast: Magic Dart        ||    47
       Searing Ray       ||     1
 Stab: Sleeping          ||     1
Armor: Robe              ||     3
Dodge: Dodged            ||    15

Table legend:
 A = Non-vault XP
 B = Vault XP
 C = Vault XP percentage of total XP
 D = Non-vault monster count
 E = Vault monster count
 F = Vault count percentage of total count
                 A         B        C        D         E       F
            +---------+---------+-------+---------+---------+-------
      Total |      38 |      39 |  50.6 |      25 |       3 |  10.7
            +---------+---------+-------+---------+---------+-------
        D:1 |      22 |       2 |   8.3 |      13 |       2 |  13.3
        D:2 |      16 |      37 |  69.8 |      12 |       1 |   7.7
            +---------+---------+-------+---------+---------+-------
